 Dungeon Crawl Stone Soup version 0.19-a0-958-gd69d43c (webtiles) character file.

188 4thArraOfDagon the Sneak (level 5, -1/21 HPs)
             Began as a Felid Earth Elementalist on July 11, 2016.
             Was a Follower of Ru.
             Slain by a killer bee (5 damage)
             ... on level 8 of the Dungeon.
             The game lasted 00:06:30 (1001 turns).

4thArraOfDagon the Sneak (Felid Earth Elementalist) Turns: 1001, Time: 00:06:31

Health: -1/21      AC:  1    Str:  4    XL:     5   Next: 39%
Magic:  9/9        EV: 25    Int: 18    God:    Ru [*.....]
Gold:   132        SH:  0    Dex: 21    Spells: 1 memorised, 7 levels left
                                        Lives:  0   Deaths: 1

rFire  . . .     SeeInvis +       - Unarmed
rCold  . . .     Gourm    .     (armour unavailable)
rNeg   . . .     Faith    .     (shield unavailable)
rPois  .         Spirit   .     (helmet unavailable)
rElec  .         Dismiss  .     (cloak unavailable)
rCorr  .         Reflect  .     (gloves unavailable)
SustAt .         Harm     .     (boots unavailable)
MR     .....                    (no amulet)
Stlth  +++++.....               (no ring)
                                (no ring)

@: agile, quick, not resistant to hostile enchantments, quite stealthy
A: no armour, no weapons or thrown items, claws 1, fangs 3, see invisible,
carnivore 3, speed 1, shaggy fur 1, slow metabolism 1, magic vulnerability 1,
sharp paws
a: Renounce Religion


You were on level 8 of the Dungeon.
You worshipped Ru.
Ru was aware of your devotion.
You were full.

You visited 1 branch of the dungeon, and saw 8 of its levels.

You collected 132 gold pieces.

Inventory:

Missiles
 b - 6 stones
Wands
 n - a wand of slowing (19/48)
Scrolls
 e - 6 scrolls of identify {unknown}
 f - a scroll of remove curse {unknown}
 g - a scroll of noise {unknown}
 h - a scroll of enchant armour {unknown}
 k - a scroll of magic mapping {unknown}
 l - a scroll of immolation {unknown}
 m - a scroll of teleportation {unknown}
Books
 d - a book of Geomancy

   Spells                             Type                      Level
   a - Sandblast                      Earth                        1
   b - Passwall                       Transmutation/Earth          2
   c - Stone Arrow                    Conjuration/Earth            3
   d - Petrify                        Transmutation/Earth          4
   e - Lee's Rapid Deconstruction     Earth                        5
Comestibles
 c - 3 meat rations


   Skills:
 + Level 4.4 Dodging
 + Level 5.3 Stealth
 * Level 4.1 Unarmed Combat
 - Level 2.0 Spellcasting
   Level 1.1 Transmutations
 - Level 2.6 Earth Magic


You had 7 spell levels left.
You knew the following spells:

 Your Spells              Type           Power        Failure   Level  Hunger
a - Sandblast             Erth           ##....       8%          1    #......


Dungeon Overview and Level Annotations

Branches:
Dungeon (8/15)
 Temple: D:4-7         Lair: D:8-11

Altars:
Dithmenos
Ru
Zin

Portals:
Bailey: D:8

Annotations:
D:8 Maurice


Innate Abilities, Weirdness & Mutations

You cannot wear armour.
You are incapable of wielding weapons or throwing items.
You have sharp claws.
You have razor-sharp teeth.
You have supernaturally acute eyesight. (SInv)
You are carnivorous and can eat meat at any time.
You cover ground quickly.
You are covered in fur. (AC +1)
You have a slow metabolism.
You are slightly vulnerable to magic. (MR-)
Your sharp claws are effective at attacking unaware monsters.


Message History

Evoke which item? (* to show all) (? for menu, Esc to quit)
Zapping:
n - a wand of slowing {zapped: 5} (will waste charges)
Press: ? - help, Shift-Dir - straight line, f - killer bee
Aim: a killer bee (chance to defeat MR: 61%)
The killer bee seems to slow down.
Evoking this partially-identified wand wasted a few charges.
The killer bee closely misses you.
Unknown command.
You scratch the killer bee but do no damage.
The killer bee closely misses you. The killer bee misses you.
You barely miss the killer bee. You bite the killer bee.
The killer bee is lightly wounded.
The killer bee completely misses you.
You scratch the killer bee but do no damage.
The killer bee is lightly wounded.
The killer bee completely misses you.
You scratch the killer bee. Your bite misses the killer bee.
The killer bee is moderately wounded.
The killer bee stings you.
You die...

####......#
..........# #+
####.......## #.#
..#........####
#.#.#.#......#.##..
#.#.#.#......#..#..
#.#..........##.#..
#.###...#######.#..
#.@yy.....# #....
.#######.#.# #....
.........#.# #....
.........#.# #....
###..y.....#####....
#.....#.......#...##
#..).y#.......#....#
..)∩).#.......#....#
...)..y@......#....#


You could see 2 killer bees.

Vanquished Creatures
  A sky beast (D:6)
  A giant frog (D:8)
  A centaur zombie (D:6)
  2 worker ants
  2 adders
  An ooze (D:6)
  An adder zombie (D:7)
  An orc (D:5)
  A giant cockroach (D:4)
  A hobgoblin (D:3)
  4 jackals (D:1)
  A kobold (D:3)
  A quokka (D:5)
  A bat (D:3)
  A giant newt (D:2)
  A goblin (D:3)
  A rat (D:1)
22 creatures vanquished.

Notes
Turn   | Place    | Note
-------+----------+-------------------------------------------
     0 | D:1      | 4thArraOfDagon the Felid Earth Elementalist began the quest for the Orb.
     0 | D:1      | Reached XP level 1. HP: 7/7 MP: 4/4
    40 | D:1      | Reached skill level 1 in Unarmed Combat
   192 | D:3      | Reached XP level 2. HP: 11/11 MP: 1/6
   210 | D:3      | Found a sacrificial altar of Ru.
   222 | D:3      | Became a worshipper of Ru the Awakened
   224 | D:3      | Reached skill level 3 in Stealth
   338 | D:4      | Reached XP level 3. HP: 14/14 MP: 0/7
   374 | D:5      | Entered Level 5 of the Dungeon
   476 | D:5      | Found a shadowy altar of Dithmenos.
   516 | D:6      | Found a glowing silver altar of Zin.
   553 | D:6      | Reached skill level 4 in Stealth
   553 | D:6      | Reached XP level 4. HP: 8/18 MP: 2/8
   562 | D:6      | Noticed a sky beast
   597 | D:6      | Killed a sky beast
   597 | D:6      | Reached XP level 5. HP: 11/21 MP: 1/9
   620 | D:6      | Noticed a centaur
   635 | D:6      | Slain by a centaur
   636 | D:6      | Reached XP level 4. HP: -5/18 MP: 1/8
   786 | D:7      | Noticed a phantom
   900 | D:8      | Reached skill level 5 in Stealth
   962 | D:8      | Found a flagged portal.
   963 | D:8      | Noticed a giant frog
   965 | D:8      | Gained mutation: You are slightly vulnerable to magic. (MR-) [Ru sacrifice]
   965 | D:8      | Reached * piety under Ru
   968 | D:8      | Noticed Maurice
   996 | D:8      | Killed a giant frog
   996 | D:8      | Reached XP level 5. HP: 3/21 MP: 9/9
  1001 | D:8      | Slain by a killer bee

Vault maps used:
D:1:      co_arrival_random_square_maze
D:2:      nicolae_tso_swordbearing_angel
D:3:      overflow_temple_1_default, nicolae_ru_path_of_blood,
          lemuel_statue_altar, uniq_natasha
D:4:      uniq_pikel
D:5:      lemuel_upstairs_altar, nicolae_qazlal_eye_of_the_storm,
          grunt_dithmenos_smoke, serial_shops, kennysheep_mini, first_bread
D:6:      kennysheep_little_box, basic_altar, uniq_prince_ribbit1
D:7:      st_stairs_4
D:8:      enter_bailey_2, basic_altar, uniq_joseph, uniq_maurice

Skill      XL: |  1  2  3  4 |
---------------+-------------+-----
Unarmed Combat | 1 2 4 |  4.1
Stealth        | 3 4 5 |  5.3
Dodging        | 3 4 |  4.4
Spellcasting   | |  2.0
Transmutations | |  1.1
Earth Magic    | |  2.6

Action                   |  1- 3 |  4- 6 || total
-------------------------+-------+-------++-------
Melee: Unarmed           |    13 |    20 ||    33
       Bite              |     2 |     2 ||     4
 Cast: Sandblast         |    25 |    12 ||    37
Invok: Sacrifice Essence |       |     1 ||     1
Evoke: Wand              |       |     3 ||     3
  Use: Potion            |       |     8 ||     8
 Stab: Sleeping          |     4 |     4 ||     8
  Eat: Chunk             |     6 |     2 ||     8
Armor: Skin              |     1 |       ||     1
Dodge: Dodged            |    28 |    49 ||    77
